 Dungeon Crawl Stone Soup version 0.27-a0-1144-g0b7d3b79db (webtiles) character file.

Game seed: 4213798278981273295

12 neco the Firebug (level 2, -3/17 HPs)
             Began as an Octopode Fire Elementalist on May 11, 2021.
             Slain by a quokka (4 damage)
             ... on level 2 of the Dungeon.
             The game lasted 00:10:18 (424 turns).

neco the Firebug (Octopode Fire Elementalist)        Turns: 424, Time: 00:10:18

Health: -3/17      AC:  1    Str:  7    XL:     2   Next: 33%
Magic:  5/5        EV: 13    Int: 17    God:
Gold:   0          SH:  0    Dex: 12    Spells: 4/5 levels left

rFire    . . .     SeeInvis .   d - +0 short sword
rCold    . . .     Faith    .   (no shield)
rNeg     . . .     Spirit   .   (helmet restricted)
rPois    .         Reflect  .   (no amulet)
rElec    .         Harm     .   (no ring)
rCorr    .         Rampage  .   (no ring)
Will     .....                  (no ring)
Stlth    +++.......             (no ring)
HPRegen  0.05/turn              (no ring)
MPRegen  0.09/turn              (no ring)
                                (no ring)
                                (no ring)

@: no status effects
A: almost no armour, amphibious, 8 rings, camouflage 1, gelatinous body 1,
(nimble swimmer 1), tentacles
a: no special abilities


You were on level 2 of the Dungeon.
You visited 1 branch of the dungeon, and saw 2 of its levels.

Inventory:

Hand Weapons
 d - a +0 short sword (weapon)
 f - a +0 club
 g - a +0 dagger
 h - a +0 club
Missiles
 a - 20 sling bullets
 e - 22 stones (quivered)
Armour
 c - a +0 cloak
Scrolls
 b - 3 scrolls of teleportation {unknown}


   Skills:
 + Level 2.0 Dodging
 + Level 2.6 Stealth
 + Level 2.3 Spellcasting
 + Level 1.0 Conjurations
 + Level 3.4 Fire Magic


You had 4 spell levels left.
You knew the following spells:

 Your Spells              Type           Power      Damage    Failure   Level
a - Foxfire               Conj/Fire      36%        2x1d5     8%          1

Your spell library contained the following spells:

 Spells                   Type           Power      Damage    Failure   Level
 Conjure Flame            Conj/Fire      9%         6-21      22%         3
 Inner Flame              Hex/Fire       7%         N/A       28%         3
 Sticky Flame             Conj/Fire      9%         2d3       58%         4
 Fireball                 Conj/Fire      4%         3d4       91%         5


Dungeon Overview and Level Annotations

Branches:
Dungeon (2/15)

Altars:


Innate Abilities, Weirdness & Mutations

You cannot wear most types of armour.
You are amphibious.
You can wear up to eight rings at the same time.
Your skin changes colour to match your surroundings (Stealth+).
Your rubbery body absorbs attacks. (AC +1, EV +1)
((You are camouflaged near water. (Stealth+)))
You have tentacles for arms and can constrict up to eight enemies at once.


Message History

You closely miss the goblin. You grab the goblin.
The goblin is moderately wounded.
You constrict the goblin.
The foxfire hits the goblin.
You kill the goblin!
The foxfire hits the dart slug but does no damage.
The dart slug launches a dart at you. The slug dart hits you.
* * * LOW HITPOINT WARNING * * *
You see here a ball python corpse.
There is a stone staircase leading down here.
You climb downwards.
Found 11 gold pieces.
Found a stone staircase leading down.
There is a stone staircase leading up here.
Found 5 gold pieces.
A quokka comes into view.
You closely miss the quokka. Your grab misses the quokka.
The quokka misses you.
d - a +0 short sword (weapon)
The quokka barely misses you.
You are too injured to fight recklessly!
Casting: Foxfire (safe; 8% risk of failure)
Confirm with . or Enter, or press ? or * to list all spells.
You conjure some foxfire!
The quokka misses you.
You are too injured to fight recklessly!
Your foxfire dissipates!
The foxfire hits the quokka.
The quokka is lightly wounded.
The quokka bites you.
* * * LOW HITPOINT WARNING * * *
The quokka barely misses you. The quokka misses you.
There is a stone staircase leading down here.
The quokka misses you.
You closely miss the quokka. Your grab misses the quokka.
The quokka barely misses you. The quokka misses you.
The quokka completely misses you. The quokka bites you.
* * * LOW HITPOINT WARNING * * *
The quokka bites you.
You die...

# #. ### ##.# #..
.##...####.# #..#
#........#.# #..#
#....# #..# # ##
#r.>.# #..# .# #
.$.##.@..####..##..#.#
#.........##........#
#......<......##$.#.#
#...................#
##.#....####.####.#...
...#....# #.#
#####..... ...
##.......#.# ###.####
..


You could see a quokka.

Vanquished Creatures
  A ball python (D:1)
  2 endoplasms (D:1)
  2 goblins (D:1)
  A hobgoblin (D:1)
  2 kobolds (D:1)
  2 bats (D:1)
10 creatures vanquished.

Vanquished Creatures (others)
  15 foxfires
15 creatures vanquished.

Grand Total: 25 creatures vanquished

Notes
Turn   | Place    | Note
-------+----------+-------------------------------------------
     0 | D:1      | neco the Octopode Fire Elementalist began the quest for the
                  | Orb.
     0 | D:1      | Reached XP level 1. HP: 11/11 MP: 3/3
   171 | D:1      | Reached XP level 2. HP: 12/17 MP: 3/5
   424 | D:2      | Slain by a quokka

Illustrated notes

Levels and vault maps discovered:
D:1:      saegor_arrival_simple_a, layout_basic, serial_shops, shop,
          kennysheep_decorative_pillar, st_stairs_1,
          amcnicky_mini_corridor_feature
D:2:      minmay_spotlight, layout_loops_ring, grunt_decor_cap,
          minmay_misc_feat_plants, kennysheep_boxes

Action                   || total
-------------------------++-------
Melee: Unarmed           ||     9
       Constrict         ||     5
       Tentacles         ||     2
       Short sword       ||     1
Throw: Stone             ||    19
 Cast: Foxfire           ||    11
Armor: Skin              ||     5
Dodge: Dodged            ||    23

Table legend: (Time is in decaauts)
 A = Elapsed time spent in this place.
 B = Non-inter-level travel time spent in this place.
 C = Inter-level travel time spent in this place.
 D = Time resting spent in this place.
 E = Time spent auto-exploring this place.
 F = Levels seen in this place.
 G = Mean time per level.
                   A        B        C        D        E       F      G
               +--------+--------+--------+--------+--------+-----+--------+
         Total |    425 |    425 |      0 |      0 |      0 |   2 |  212.5 |
       Dungeon |    425 |    425 |      0 |      0 |      0 |   2 |  212.5 |
               +--------+--------+--------+--------+--------+-----+--------+

Top non-repeatable levels by time:
     D:1: 395 daAuts
     D:2: 29 daAuts
